 Dungeon Crawl Stone Soup version 0.32-a0-665-g3d30ec2550 (webtiles) character file.

Game seed: 2396920735306673580

999 MeddlingMage the Ducker (level 7, -1/60 HPs)
             Began as a Demigod Necromancer on Mar 9, 2024.
             Slain by a scorpion (5 damage)
             ... on level 5 of the Dungeon.
             The game lasted 00:06:13 (5042 turns).

MeddlingMage the Ducker (Demigod Necromancer)       Turns: 5042, Time: 00:06:14

Health: -1/60      AC:  5    Str:  9    XL:     7   Next: 67%
Magic:  2/17       EV: 13    Int: 22    God:
Gold:   204        SH:  0    Dex: 16    Spells: 14/15 levels left

rFire   . . .        w - +8 hand axe of Sudden Death {holy, rN+ Will+ Int-3 Dex+2}
rCold   . . .        (no shield)
rNeg    + + .        e - +2 leather armour {rN+}
rPois   .            (no helmet)
rElec   .            (no cloak)
rCorr   .            (no gloves)
SInv    .            (no boots)
Will    +....        (no amulet)
Stlth   ++           (no ring)
HPRegen 0.30/turn    (no ring)
MPRegen 0.15/turn

%: no passive effects
@: no status effects
A: high MP 1, forlorn, divine attributes
a: no special abilities


You were on level 5 of the Dungeon.
You visited 1 branch of the dungeon, and saw 5 of its levels.

You collected 204 gold pieces.


Innate Abilities, Weirdness & Mutations

You have an increased reservoir of magic. (+10% MP)
You shall have no god before yourself.
Your divine heritage dramatically boosts your attributes as you level up.


   Skills:
 + Level 4.6 Fighting
 + Level 5.0 Dodging
 - Level 1.7 Stealth
 + Level 4.8 Spellcasting
 - Level 3.6 Necromancy


You had 14 spell levels left.
You knew the following spells:

 Your Spells              Type           Power      Damage    Failure   Level
Z - Necrotise             Necr           84%        1d8       3%          1

Your spell library contained the following spells:

 Spells                   Type           Power      Damage    Failure   Level
 Vampiric Draining        Necr           21%        2d7       10%         3
 Animate Dead             Necr           21%        N/A       32%         4
 Curse of Agony           Necr           21%        N/A       67%         5

Inventory:

Hand Weapons
 o - a +1 dagger of electrocution
 t - a +2 rapier of venom
 w - the +8 hand axe of Sudden Death (weapon) {holy, rN+ Will+ Int-3 Dex+2}
   (You found it on level 4 of the Dungeon)

   Int-3:     It affects your intelligence (-3).
   Dex+2:     It affects your dexterity (+2).
   rN+:       It protects you from negative energy.
   Will+:     It increases your willpower.
Missiles
 q - a throwing net
Armour
 a - a +0 robe
 e - a +2 leather armour of positive energy (worn)
 u - a +0 cloak
Wands
 l - a wand of iceblast (3)
Scrolls
 c - 3 scrolls of enchant weapon {unknown}
 d - a scroll of amnesia {unknown}
 f - 3 scrolls of poison {unknown}
 h - a scroll of butterflies {unknown}
 k - a scroll of immolation {unknown}
 m - a scroll of teleportation {unknown}
 n - 2 scrolls of fog {unknown}
 r - a scroll of enchant armour {unknown}
 s - a scroll of fear {unknown}
 v - a scroll of vulnerability {unknown}
 x - a scroll of identify {unknown}
 y - a scroll of noise {unknown}
Potions
 b - a potion of magic
 g - 2 potions of haste {unknown}
 i - a potion of resistance {unknown}
 j - a potion of curing {unknown}
 p - 2 potions of degeneration {unknown}


Message History

Your gnoll skeleton hits the gnoll sergeant but does no damage.
Your gnoll skeleton barely misses the gnoll sergeant.
The scorpion stings your gnoll skeleton!
Aiming: Iceblast
Press: ? - help, Q - select action, (/) - cycle Shift-Dir - straight line, p - gnoll sergeant The mass of ice explodes!
The iceblast engulfs the scorpion!
The scorpion is severely wounded.
The iceblast engulfs the gnoll sergeant!
You kill the gnoll sergeant!
The iceblast engulfs your gnoll skeleton!
Your gnoll skeleton partially resists.
You destroy your gnoll skeleton!
Your Dodging skill increases to level 5!
Unknown command.
Casting: Necrotise (safe; 3% risk of failure)
Confirm with . or Enter, or press ? or * to list all spells.
Aiming: Necrotise (safe; 3% risk of failure)
Press: ? - help, Shift-Dir - straight line, f - scorpion
Aim: a scorpion (severely wounded, ally target, chance to affect: 80%)
The scorpion barely resists.
Your gnoll skeleton hits the scorpion.
The scorpion stings your gnoll skeleton!
Your gnoll skeleton is destroyed!
Casting: Necrotise (safe; 3% risk of failure)
Confirm with . or Enter, or press ? or * to list all spells.
Aiming: Necrotise (safe; 3% risk of failure)
Press: ? - help, Shift-Dir - straight line, f/p - scorpion
Aim: a scorpion (severely wounded, chance to affect: 80%)
The scorpion barely resists.
Casting: Necrotise (safe; 3% risk of failure)
Confirm with . or Enter, or press ? or * to list all spells.
Aiming: Necrotise (safe; 3% risk of failure)
Press: ? - help, Shift-Dir - straight line, f/p - scorpion
Aim: a scorpion (severely wounded, chance to affect: 80%)
The scorpion writhes in agony.
Aiming: Iceblast
Press: ? - help, Q - select action, (/) - cycle Shift-Dir - straight line, p - scorpion The mass of ice explodes!
The iceblast engulfs the scorpion.
The scorpion is almost dead.
The scorpion stings you.
You die...

### .. ##### ##.## ##...##
#.## #...# #.###.# ...# #...#
#####.# #.. #..# #)..#
#...#.###.# #..# #.).#
#........## #..# #)).#
#...###.###
#..#######.s.######.#.......
#..#.....?.@........#..#....
#...................#..#.#..
##.##...............##..#....
#..########...########.......
#.## #...# ##...... #.# #...#
###.### #.# ...... .....# #.#
#...#. #.##.... ### #.# #
#.#..


You could see a scorpion.

Vanquished Creatures
  Sigmund (D:2)
  A yak (D:4)
  A black bear (D:5)
  A gnoll sergeant (D:5)
  A howler monkey (D:5)
  4 orc priests
  2 hounds
  5 orc wizards
  Terence (D:3)
  6 gnolls
  2 adders
  2 ribbon worms
  14 orcs
  9 ball pythons
  5 bats
  8 endoplasms
  3 giant cockroaches
  5 goblins
  3 hobgoblins
  6 kobolds
  A quokka (D:5)
  8 rats
89 creatures vanquished.

Vanquished Creatures (collateral kills)
  A gnoll (D:4)
  An orc (D:4)
  A goblin (D:3)
3 creatures vanquished.

Vanquished Creatures (others)
  An adder (D:3)
1 creature vanquished.

Grand Total: 93 creatures vanquished

Notes
Turn   | Place    | Note
-------+----------+-------------------------------------------
     0 | D:1      | MeddlingMage the Demigod Necromancer began the quest for
                  | the Orb.
     0 | D:1      | Reached XP level 1. HP: 14/14 MP: 5/5
   350 | D:1      | Reached XP level 2. HP: 22/22 MP: 5/7
   402 | D:1      | Reached skill level 2 in Dodging
   589 | D:1      | Reached skill level 1 in Fighting
   832 | D:1      | Found Firr's Antique Armour Boutique.
  1215 | D:2      | Noticed Sigmund
  1535 | D:1      | Reached XP level 3. HP: 21/28 MP: 0/9
  1757 | D:2      | Killed Sigmund
  1758 | D:2      | Reached skill level 3 in Dodging
  1758 | D:2      | Reached skill level 3 in Spellcasting
  1758 | D:2      | Reached XP level 4. HP: 32/37 MP: 1/11
  1758 | D:2      | Reached XP level 5. HP: 37/42 MP: 1/12
  2376 | D:2      | HP: 3/42 [orc/+4 hand axe (8)]
  2377 | D:2      | HP: 1/42 [something (2)]
  2567 | D:3      | Reached skill level 3 in Fighting
  2896 | D:3      | Noticed Terence
  2905 | D:3      | Killed Terence
  2906 | D:3      | Reached XP level 6. HP: 42/51 MP: 6/14
  3013 | D:2      | HP: 6/51 [orc/+0 flail (8)]
  3917 | D:4      | Noticed a yak
  3925 | D:4      | Killed a yak
  3926 | D:4      | Reached skill level 4 in Dodging
  4337 | D:4      | Reached XP level 7. HP: 50/58 MP: 5/16
  4487 | D:4      | Identified the +8 hand axe of Sudden Death {holy, rN+ Will+
                  | Int-3 Dex+2}
  4551 | D:5      | Entered Level 5 of the Dungeon
  4901 | D:5      | Found a staircase to the Ecumenical Temple.
  5037 | D:5      | HP: 2/60 [gnoll sergeant/+5 vampiric spear (12)]
  5039 | D:5      | Reached skill level 5 in Dodging
  5042 | D:5      | Slain by a scorpion

Levels and vault maps discovered:
D:1:      lemuel_arrival_behind_the_door_large, layout_loops_cross,
          serial_shops, shop, ebering_ecumenical_altar_hall
D:2:      layout_rooms, serial_glass, glass_columns_b, glass_columns_c,
          glass_columns_b, glass_columns_a, glass_columns_c, glass_columns_b,
          dk_vineyard_3, uniq_sigmund
D:3:      layout_loops_ring, uniq_terence
D:4:      layout_gridville, minmay_small_thing
D:5:      layout_loops_cross, minmay_temple_entry_junction

Action                     |  1- 3 |  4- 6 |  7- 9 || total
---------------------------+-------+-------+-------++-------
  Melee: Unarmed           |    17 |     1 |       ||    18
         Dagger            |       |     5 |       ||     5
         Hand axe          |       |       |     5 ||     5
         Rapier            |       |       |     4 ||     4
   Cast: Necrotise         |    76 |   123 |    67 ||   266
  Evoke: Wand              |       |     3 |     3 ||     6
 Armour: Robe              |    18 |       |       ||    18
         Leather armour    |    15 |    62 |    48 ||   125
  Dodge: Dodged            |    39 |    56 |    31 ||   126
